 Dungeon Crawl Stone Soup version 0.18.1-50-g88ac8fd (webtiles) character file.

3400 Kwzr the Arsonist (level 10, -5/50 HPs)
             Began as a Gargoyle Fire Elementalist on Oct 25, 2016.
             Was a Priest of Sif Muna.
             Killed from afar by Psyche (8 damage)
             ... with a wand of acid
             ... on level 8 of the Dungeon.
             The game lasted 01:18:47 (9679 turns).

Kwzr the Arsonist (Gargoyle Fire Elementalist)      Turns: 9679, Time: 01:18:48

Health: -5/50      AC: 13    Str: 32    XL:     10   Next: 4%
Magic:  17/17      EV: 13    Int: 15    God:    Sif Muna [***...]
Gold:   27         SH:  0    Dex: 10    Spells: 6 memorised, 5 levels left

rFire  . . .     SeeInvis .     w - +3 hand crossbow "Etenlufu" {velocity, rPois rC+ Str+8 Int-3}
rCold  + . .     Gourm    .     p - +4 robe "Pycizea" {rN+ Str+4}
rNeg   + + .     Faith    .     (no shield)
rPois  ∞         Spirit   .     U - +2 hat
rElec  +         Dismiss  .     (no cloak)
rCorr  .         Reflect  .     O - +0 pair of gloves
SustAt .         Harm     .     l - +0 pair of boots
MR     .....                    (no amulet)
Stlth  ++........               I - +4 ring of strength
                                h - +3 ring of strength

@: corroded, not resistant to hostile enchantments, unstealthy
A: negative energy resistance 1, electricity resistance, unbreathing,
petrification resistance, rot immunity, AC +7
a: Channel Energy, Renounce Religion


You were on level 8 of the Dungeon.
You worshipped Sif Muna.
Sif Muna was most pleased with you.
You were hungry.

You visited 2 branches of the dungeon, and saw 10 of its levels.

You collected 378 gold pieces.
You spent 351 gold pieces at shops.

Inventory:

Hand Weapons
 a - the +1 mace "Xaqulig" {freeze, Str+4 Dex+2}
   (You bought it in a shop on level 8 of the Dungeon)

   It has been specially enchanted to freeze those struck by it, causing extra
   injury to most foes and up to half again as much damage against particularly
   susceptible opponents.
   It can also slow down cold-blooded creatures.
   It affects your strength (+4).
   It affects your dexterity (+2).
 b - a +1 hunting sling
 n - a +0 blowgun
 w - the +3 hand crossbow "Etenlufu" (weapon) {velocity, rPois rC+ Str+8 Int-3}
   (You found it on level 5 of the Dungeon)

   Any bolt fired from it inflicts extra damage.
   It affects your strength (+8).
   It affects your intelligence (-3).
   It protects you from cold.
   It protects you from poison.
 x - a +5 mace of protection
 B - a +0 whip
 P - a +2 trident of venom
 W - a +2 mace of draining
Missiles
 j - 7 needles of sleeping
 m - 288 stones
 z - 53 sling bullets
 E - 41 poisoned needles
 K - 39 bolts (quivered)
Armour
 g - a +1 robe
 k - the +1 robe of the Wumpus {*Confuse rN+ SInv}
   (You found it on level 7 of the Dungeon)

   It protects you from negative energy.
   It lets you see invisible.
   It may confuse you when you take damage.
 l - a +0 pair of boots (worn)
 o - a +0 ring mail of positive energy
 p - the +4 robe "Pycizea" (worn) {rN+ Str+4}
   (You found it on level 5 of the Dungeon)

   It affects your strength (+4).
   It protects you from negative energy.
 G - a +0 leather armour of cold resistance
 O - a +0 pair of gloves (worn)
 U - a +2 hat (worn)
 X - a +0 shield
Jewellery
 h - a +3 ring of strength (left hand)
 I - a +4 ring of strength (right hand)
 V - an uncursed ring of protection from cold
Wands
 A - a wand of iceblast (15/15)
 J - a wand of iceblast (2/15)
 L - a wand of digging (14/24)
 R - a wand of digging (5/24)
 T - a wand of iceblast (9/15)
 Y - a wand of iceblast (8/15)
Scrolls
 q - 2 scrolls of teleportation
 y - 2 scrolls of blinking
 D - a scroll of noise {unknown}
 F - a scroll of fog
 M - a scroll of magic mapping
 N - a scroll of recharging
Potions
 f - 6 potions of heal wounds
 i - 3 potions of curing
 r - 2 potions of haste
 s - 3 potions of brilliance
 t - 6 potions of flight
 u - a potion of lignification
 v - a potion of ambrosia
 C - a potion of magic {unknown}
 Q - a potion of might
 S - a potion of agility
Books
 e - a book of Flames

   Spells                             Type                      Level
   a - Flame Tongue                   Conjuration/Fire             1
   b - Throw Flame                    Conjuration/Fire             2
   c - Conjure Flame                  Conjuration/Fire             3
   d - Inner Flame                    Hexes/Fire                   3
   e - Sticky Flame                   Conjuration/Fire             4
   f - Fireball                       Conjuration/Fire             5
 H - a book of Minor Magic

   Spells                             Type                      Level
   a - Magic Dart                     Conjuration                  1
   b - Blink                          Translocation                2
   c - Call Imp                       Summoning                    2
   d - Repel Missiles                 Charms/Air                   2
   e - Slow                           Hexes                        2
   f - Conjure Flame                  Conjuration/Fire             3
   g - Mephitic Cloud                 Conjuration/Poison/Air       3
Comestibles
 c - 12 bread rations
 d - 5 meat rations


   Skills:
 - Level 4.7 Dodging
 - Level 2.1 Stealth
 + Level 5.2 Spellcasting
 + Level 7.1 Conjurations
 + Level 8.2 Fire Magic
 - Level 4.0 Air Magic
 - Level 3.1 Invocations


You had 5 spell levels left.
You knew the following spells:

 Your Spells              Type           Power        Failure   Level  Hunger
a - Flame Tongue          Conj/Fire      ####.        1%          1    None
b - Conjure Flame         Conj/Fire      ####....     2%          3    ###....
c - Throw Flame           Conj/Fire      ####..       1%          2    ##.....
d - Sticky Flame          Conj/Fire      ####....     10%         4    ####...
e - Call Imp              Summ           #.......     28%         2    ##.....
f - Repel Missiles        Chrm/Air       ##....       12%         2    ##.....


Dungeon Overview and Level Annotations

Branches:
Dungeon (9/15)             Temple (1/1) D:4
   Lair: D:8-11         Orc: D:9-12

Altars:
Ashenzari
Cheibriados
Dithmenos
Elyvilon
Fedhas
Gozag
Kikubaaqudgha
Makhleb
Nemelex Xobeh
Okawaru
Pakellas
Qazlal
Ru
Sif Muna
Trog
Vehumet
Xom
Yredelemnul
Zin
The Shining One

Shops:
D:5 =   D:8 (   D:9 ?

Annotations:
D:4 Drunkenshrew's ghost, amateur DENe
D:8 Psyche


Innate Abilities, Weirdness & Mutations

You are resistant to torment.
Your stone body is resilient (AC +7).
You are immune to poison.
You resist negative energy.
You are resistant to electric shocks.
You can survive without breathing.
You are immune to petrification.
You are immune to rotting.


Message History

You feel less protected from missiles.
You hear a zap.
A bolt of acid appears from out of thin air!
The bolt of acid hits you!
The acid burns!
A puff of frost appears from out of thin air!
The puff of frost hits you! You resist.
A puff of flame appears from out of thin air!
The puff of flame hits you!
You hear a zap.
A bolt of acid appears from out of thin air!
The bolt of acid hits you!
* * * LOW HITPOINT WARNING * * *
The acid corrodes you!
The acid burns!
* * * LOW HITPOINT WARNING * * *
Read which item? (? for menu, Esc to quit)
You can't read that!
You hear a zap.
A bolt of acid appears from out of thin air!
The bolt of acid hits you!
You die...

........## #.............#
.........# #............##
.........# #.<...........#
.........# #.............#
.........###........≈≈...#
..........#######...≈⌠≈..#
...........# ##..≈....#
.........#.########.....##
.....#####......@...#####
###### #..######..####
##.###.........##
#######..#............#
###.....#..##...........#
........#.####.........##
..........# ##........##
.........## #####...#.#
.......#.# #######


There were no monsters in sight!

Vanquished Creatures
  A spriggan (D:7)
  A hippogriff (D:7)
  An orc warrior (D:8)
  2 ice beasts (D:5)
  3 sky beasts
  4 ogres
  2 necrophages
  A phantom (D:5)
  A black bear (D:7)
  A centaur (D:7)
  A crocodile (D:8)
  A big kobold (D:9)
  A giant frog (D:6)
  A wyvern zombie (D:8)
  A water moccasin zombie (D:5)
  3 scorpions
  A jelly (D:5)
  2 howler monkeys (D:6)
  A giant frog zombie (D:5)
  6 crimson imps
  2 centaur zombies
  A quasit (D:6)
  6 hounds
  2 orc priests
  2 iguanas
  Ijyb (D:3)
  A giant frog skeleton (D:5)
  6 orc wizards
  3 worker ants
  Robin (D:4)
  2 gnolls (D:2)
  6 adders
  A shadow imp (D:5)
  3 oozes
  2 adder skeletons (D:5)
  3 worms
  3 dart slugs
  4 giant geckos
  27 orcs
  6 bats
  10 giant cockroaches
  13 goblins
  13 hobgoblins
  11 jackals
  9 kobolds
  4 quokkas
  3 ball pythons
  10 giant newts
  A jackal skeleton (D:4)
  A jackal zombie (D:6)
  5 rats
  A bush (D:4)
198 creatures vanquished.

Vanquished Creatures (collateral kills)
  A giant frog (D:6)
  2 adders
3 creatures vanquished.

Vanquished Creatures (others)
  A manticore (D:2)
1 creature vanquished.

Grand Total: 202 creatures vanquished

Notes
Turn   | Place    | Note
--------------------------------------------------------------
     0 | D:1      | Kwzr the Gargoyle Fire Elementalist began the quest for the Orb.
     0 | D:1      | Reached XP level 1. HP: 10/10 MP: 3/3
   108 | D:1      | Reached XP level 2. HP: 15/15 MP: 3/5
   735 | D:2      | Reached XP level 3. HP: 19/19 MP: 4/6
   810 | D:2      | Learned a level 3 spell: Conjure Flame
  1576 | D:2      | Reached XP level 4. HP: 24/24 MP: 2/7
  1767 | D:2      | Learned a level 2 spell: Throw Flame
  1869 | D:2      | Found an oddly glowing altar of Pakellas.
  1870 | D:2      | Noticed a manticore
  1873 | D:2      | Killed a manticore
  2026 | D:3      | Reached XP level 5. HP: 28/28 MP: 6/8
  2694 | D:3      | Found a glowing golden altar of the Shining One.
  2780 | D:4      | Found a shattered altar of Ashenzari.
  2780 | D:4      | Noticed Robin
  2839 | D:4      | Found a staircase to the Ecumenical Temple.
  2988 | D:3      | Noticed Ijyb
  3025 | D:3      | Killed Ijyb
  3141 | D:4      | Noticed Drunkenshrew's ghost (amateur DENe)
  3160 | D:4      | Reached skill level 4 in Fire Magic
  3160 | D:4      | Reached XP level 6. HP: 19/32 MP: 3/9
  3745 | D:4      | Learned a level 4 spell: Sticky Flame
  3812 | Temple   | Entered the Ecumenical Temple
  3837 | Temple   | Became a worshipper of Sif Muna the Loreminder
  4275 | D:5      | Entered Level 5 of the Dungeon
  4348 | D:5      | Found Foblaenn's Jewellery Emporium.
  4387 | D:5      | Reached skill level 5 in Conjurations
  4447 | D:5      | Got a shimmering robe
  4458 | D:5      | Identified the +4 robe "Pycizea" {rN+ Str+4} (You found it on level 5 of the Dungeon)
  4646 | D:4      | Reached XP level 7. HP: 18/36 MP: 2/11
  5061 | D:5      | Reached skill level 5 in Fire Magic
  5200 | D:5      | Reached * piety under Sif Muna
  5200 | D:5      | Reached XP level 8. HP: 3/41 MP: 4/14
  5592 | D:5      | Got an ichor-stained hand crossbow
  5604 | D:5      | Identified the +3 hand crossbow "Etenlufu" {velocity, rPois rC+ Str+8 Int-3} (You found it on level 5 of the Dungeon)
  6374 | D:6      | Learned a level 2 spell: Call Imp
  6454 | D:6      | Found a blossoming altar of Fedhas.
  6515 | D:6      | Reached skill level 1 in Invocations
  7184 | D:7      | Reached skill level 6 in Fire Magic
  7188 | D:7      | Reached XP level 9. HP: 45/45 MP: 5/16
  7357 | D:7      | Learned a level 2 spell: Repel Missiles
  7404 | D:7      | Reached skill level 1 in Air Magic
  7416 | D:7      | Found a burning altar of Makhleb.
  7564 | D:7      | Reached ** piety under Sif Muna
  7879 | D:4      | Killed Robin
  8004 | D:4      | Found an iron altar of Okawaru.
  8154 | D:7      | Got an opalescent robe
  8173 | D:7      | Identified the +1 robe of the Wumpus {*Confuse rN+ SInv} (You found it on level 7 of the Dungeon)
  8244 | D:8      | Reached skill level 5 in Spellcasting
  8620 | D:8      | Reached *** piety under Sif Muna
  8865 | D:8      | Found Miodapren's Weapon Boutique.
  8876 | D:8      | Reached skill level 7 in Fire Magic
  8897 | D:8      | Bought the cursed +1 mace "Xaqulig" {freeze, Str+4 Dex+2} for 351 gold pieces
  8947 | D:8      | You fall through a shaft!
  8979 | D:9      | Noticed a cyan ugly thing
  9227 | D:9      | Reached skill level 8 in Fire Magic
  9304 | D:9      | Reached XP level 10. HP: 50/50 MP: 17/17
  9326 | D:9      | Found Guxtuhomyt's Magic Scroll Shop.
  9668 | D:8      | Noticed Psyche
  9676 | D:8      | HP: 2/50 [acid (13)]
  9679 | D:8      | Killed from afar by Psyche

Skill      XL: |  1  2  3  4  5  6  7  8  9 |
---------------+----------------------------+-----
Conjurations   | 2 3 4 5 6 7 |  7.1
Dodging        | 2 3 4 |  4.7
Fire Magic     | 4 5 6 8 |  8.2
Spellcasting   | 3 4 5 |  5.2
Invocations    | 2 3 |  3.1
Air Magic      | 4 |  4.0
Stealth        | |  2.1

Action                   |  1- 3 |  4- 6 |  7- 9 | 10-12 || total
-------------------------+-------+-------+-------+-------++-------
Melee: Whip              |    13 |   183 |    47 |       ||   243
       Mace              |       |       |   149 |     5 ||   154
 Fire: Hunting sling     |    73 |   200 |   225 |       ||   498
       Hand crossbow     |       |       |    28 |     3 ||    31
 Cast: Flame Tongue      |    29 |    54 |    47 |     4 ||   134
       Conjure Flame     |     4 |    12 |    17 |     2 ||    35
       Throw Flame       |       |     6 |    26 |       ||    32
       Sticky Flame      |       |       |    16 |     1 ||    17
       Call Imp          |       |       |     8 |     4 ||    12
       Repel Missiles    |       |       |     3 |       ||     3
Invok: Channel Energy    |       |       |     5 |       ||     5
  Use: Scroll            |     1 |    12 |     6 |     2 ||    21
 Stab: Sleeping          |     1 |       |     1 |       ||     2
       Distracted        |       |       |     1 |       ||     1
  Eat: Chunk             |     3 |    10 |    17 |       ||    30
       Pizza             |       |     1 |     1 |     1 ||     3
       Fruit             |       |     1 |       |       ||     1
       Beef jerky        |       |       |     1 |       ||     1
Armor: Robe              |    13 |    35 |   162 |    14 ||   224
Dodge: Dodged            |    29 |    60 |   209 |    13 ||   311
       Deflected         |       |       |     7 |     1 ||     8
